 Dungeon Crawl Stone Soup version 0.17-a0-1409-ge6d9485 (webtiles) character file.

781 bal the Sneak (level 7, -6/36 HPs)
             Began as a Vine Stalker Assassin on June 22, 2015.
             Was a Believer of Qazlal.
             Mangled by an orc warrior
             ... wielding a +0 short sword
              (8 damage)
             ... on level 6 of the Dungeon.
             The game lasted 00:09:44 (3456 turns).

bal the Sneak (Vine Stalker Assassin)               Turns: 3456, Time: 00:09:44

Health: -6/36      AC:  6    Str: 14    XL:     7   Next: 85%
Magic:  0/8        EV: 15    Int: 12    God:    Qazlal [**....]
Gold:   265        SH:  3    Dex: 16    Spells: 0 memorised, 6 levels left

rFire  . . .     SeeInvis .     a - +2 dagger
rCold  . . .     Clarity  .     c - +0 robe
rNeg   . . .     SustAt   .     (no shield)
rPois  .         Gourm    .     (no helmet)
rElec  .         Spirit   +     d - +0 cloak
rCorr  .         Warding  .     p - +0 pair of gloves
rMut   .         Stasis   .     q - +1 pair of boots
MR     .....                    (no amulet)
Stlth  +++.......               (no ring)
                                n - ring of stealth

@: not resistant to hostile enchantments, fairly stealthy
A: fangs 2, regeneration 2, magic shield, antimagic bite, no device heal 3, rot
immunity
a: Upheaval, Renounce Religion


You were on level 6 of the Dungeon.
You worshipped Qazlal.
Qazlal was pleased with you.
You were not hungry.

You visited 1 branch of the dungeon, and saw 6 of its levels.

You collected 265 gold pieces.

Inventory:

Hand weapons
 a - a +2 dagger (weapon)
 b - a +0 blowgun
 t - a +0 hunting sling
 D - a cursed -3 falchion
Missiles
 e - 52 poisoned needles
 f - 2 curare-tipped needles
 E - 8 javelins (quivered)
Armour
 c - a +0 robe (worn)
 d - a +0 cloak (worn)
 p - a +0 pair of gloves (worn)
 q - a +1 pair of boots (worn)
Jewellery
 n - a ring of stealth (left hand)
Magical devices
 v - a wand of lightning (0)
 A - a wand of random effects (19)
 C - a wand of paralysis (11)
Scrolls
 i - 5 scrolls of identify
 j - 3 scrolls of enchant armour {unknown}
 o - 2 scrolls of enchant weapon {unknown}
 r - 5 scrolls of teleportation {unknown}
 u - a scroll of random uselessness {unknown}
 y - a scroll of remove curse {unknown}
 B - a scroll of noise {unknown}
Potions
 h - a potion of lignification {unknown}
 k - a potion of brilliance {unknown}
 l - 2 potions of heal wounds {unknown}
 m - a potion of degeneration {unknown}
 s - 2 potions of agility {unknown}
 w - a potion of curing {unknown}
 x - a potion of flight {unknown}
 z - a potion of cure mutation {unknown}
Comestibles
 g - 4 bread rations


   Skills:
 + Level 3.3 Fighting
 + Level 2.8 Short Blades
 + Level 3.4 Throwing
 + Level 4.6 Dodging
 + Level 6.5 Stealth
 + Level 0.5 Evocations


You had 6 spell levels left.
You didn't know any spells.

Dungeon Overview and Level Annotations

Branches:
Dungeon (6/15)
 Temple: D:4-7

Altars:
Fedhas
Qazlal


Innate Abilities, Weirdness & Mutations

You have extremely sharp teeth.
You heal very quickly.
When hurt, damage is shared between your health and your magic reserves.
Your bite disrupts and absorbs the magic of your enemies.
Potions and wands cannot restore your health.
You are immune to rotting.


Message History

The bolt of lightning misses the orc warrior.
Evoking this partially-identified wand wasted a few charges.
You hear a bark!
You hear a shout!
You hear a shout!
You hear a shout!
The giant frog is struck by lightning.
You kill the giant frog!
Qazlal accepts your kill.
The orc warrior hits you with a short sword!
* * * LOW HITPOINT WARNING * * *
The adder skeleton closely misses you.
A jackal comes into view.
Evoke which item? (* to show all) (? for menu, Esc to quit)
Zapping:
v - a wand of lightning {zapped: 10} (will waste charges)
Press: ? - help, Shift-Dir - straight line, f/p - orc warrior
Aim: an orc warrior, wielding a short sword and wearing a plate armour (severely wounded, poisoned) Nothing appears to happen.
The orc warrior looks more healthy.
Qazlal accepts your kill.
Reactivating autopickup.
You feel a bit more experienced.
The orc warrior hits you with a short sword!
You die...

##...%# #..#
#..#..###...##
##.(##.....!..#
##..†##........##.
##...(# #..........
###....<# #...o.....
........####....# ##
.##..........lo###...#
###........h§@Zg...#
#..######h#####..# #..
#..# .... ....# .....
.h###. .h.... #.. #
......... .#


You could see an orc warrior, an orc wizard, a giant gecko, 3 jackals, a
hobgoblin and an adder skeleton.

Vanquished Creatures
  An ogre (D:5)
  2 centaurs (D:5)
  A giant frog (D:6)
  A scorpion (D:4)
  3 hounds (D:5)
  A giant frog zombie (D:5)
  A crimson imp (D:5)
  2 orc priests (D:4)
  3 orc wizards
  3 adders
  An adder skeleton (D:5)
  3 worms
  A giant gecko (D:3)
  11 orcs
  11 hobgoblins
  12 jackals
  4 kobolds
  2 quokkas
  9 bats
  3 giant cockroaches
  A giant gecko skeleton (D:4)
  5 giant newts
  7 goblins
  12 rats
100 creatures vanquished.

Notes
Turn   | Place    | Note
--------------------------------------------------------------
     0 | D:1      | bal the Vine Stalker Assassin began the quest for the Orb.
     0 | D:1      | Reached XP level 1. HP: 11/11 MP: 2/2
    83 | D:1      | Reached skill level 5 in Stealth
   438 | D:1      | Reached skill level 1 in Dodging
   529 | D:1      | Reached XP level 2. HP: 15/15 MP: 3/3
   830 | D:2      | Found a stormy altar of Qazlal.
   838 | D:2      | Became a worshipper of Qazlal Stormbringer
  1039 | D:2      | Reached XP level 3. HP: 16/18 MP: 4/4
  1624 | D:3      | Acquired Qazlal's first power
  1807 | D:3      | Reached XP level 4. HP: 23/23 MP: 5/5
  1990 | D:4      | Reached skill level 6 in Stealth
  1990 | D:4      | Reached XP level 5. HP: 27/27 MP: 6/6
  2598 | D:3      | Acquired Qazlal's second power
  2598 | D:3      | Gained mutation: You heal very quickly. [Vine Stalker growth]
  2598 | D:3      | Reached XP level 6. HP: 32/32 MP: 7/7
  2829 | D:5      | Entered Level 5 of the Dungeon
  3007 | D:5      | Found a blossoming altar of Fedhas.
  3098 | D:5      | Reached XP level 7. HP: 22/36 MP: 8/8
  3455 | D:6      | HP: 1/36 [orc warrior/short sword (5)]
  3456 | D:6      | Mangled by an orc warrior

Vault maps used:
D:1:      dpeg_arrival_lava_altar
D:2:      old_standard_altar
D:4:      serial_glass, glass_columns_c, glass_columns_c, glass_columns_a,
          glass_columns_a, glass_columns_a, glass_columns_b
D:5:      kennysheep_mini, first_bread
D:6:      evilmike_ruin_ashenzari, grunt_temple_overflow_diamond,
          minmay_temple_entry_trees

Action                   |  1- 3 |  4- 6 |  7- 9 || total
-------------------------+-------+-------+-------++-------
Melee: Dagger            |   116 |   152 |    22 ||   290
 Fire: Blowgun           |    11 |    29 |    10 ||    50
Evoke: Wand              |       |     2 |     2 ||     4
  Use: Scroll            |       |       |     1 ||     1
 Stab: Sleeping          |     8 |     5 |       ||    13
       Distracted        |       |     1 |       ||     1
  Eat: Pizza             |     1 |     1 |       ||     2
       Chunk             |     1 |     1 |       ||     2
       Bread ration      |       |     1 |       ||     1
